 Dungeon Crawl Stone Soup version 0.31-a0-133-gaae73658be (webtiles) character file.

Game seed: 917754921043525618

178 Pimp the Firebug (level 5, -1/37 HPs)
             Began as a Demonspawn Fire Elementalist on June 2, 2023.
             Slain by Blork the orc
             ... wielding a +0 halberd
              (10 damage)
             ... on level 4 of the Dungeon.
             The game lasted 00:06:30 (2609 turns).

Pimp the Firebug (Demonspawn Fire Elementalist)     Turns: 2609, Time: 00:06:33

Health: -1/37      AC:  3    Str:  8    XL:     5   Next: 32%
Magic:  9/9        EV: 12    Int: 22    God:
Gold:   128        SH:  0    Dex: 14    Spells: 8/9 levels left

rFire   . . .        m - +8 mace of the Neverending Nights {freeze, rC+ Int+4 SInv Stlth+}
rCold   + . .        (no shield)
rNeg    . . .        g - +0 leather armour
rPois   .            (no helmet)
rElec   .            (no cloak)
rCorr   .            (no gloves)
SInv    +            (no boots)
Will    .....        (no amulet)
Stlth   +++          (no ring)
HPRegen 0.26/turn    (no ring)
MPRegen 0.11/turn

%: no passive effects
@: no status effects
A: foul stench 1, sturdy frame 1, weakness stinger 2
a: no special abilities


You were on level 4 of the Dungeon.
You visited 1 branch of the dungeon, and saw 4 of its levels.

You collected 128 gold pieces.

Inventory:

Hand Weapons
 c - a +1 dagger
 m - the +8 mace of the Neverending Nights (weapon) {freeze, rC+ Int+4 SInv Stlth+}
   (You took it off a kobold on level 2 of the Dungeon)

   Int:       It affects your intelligence (+4).
   rC:        It protects you from cold.
   SInv:      It lets you see invisible.
   Stlth:     It makes you more stealthy.
Missiles
 e - 6 poisoned darts
Armour
 a - a +0 robe
 g - a +0 leather armour (worn)
 n - a +0 kite shield
Jewellery
 l - a ring of willpower
Wands
 v - a wand of flame (27)
Scrolls
 i - 2 scrolls of magic mapping
 u - a scroll of summoning
Potions
 b - a potion of magic
 d - a potion of curing
 f - a potion of berserk rage
 h - a potion of heal wounds {unknown}
 k - a potion of ambrosia {unknown}
 o - 2 potions of lignification {unknown}
 t - a potion of mutation {unknown}


   Skills:
 + Level 1.0 Fighting
 * Level 1.3 Maces & Flails
 + Level 2.5 Dodging
 - Level 2.3 Stealth
 + Level 2.7 Spellcasting
 + Level 2.3 Conjurations
 + Level 3.4 Fire Magic


You had 8 spell levels left.
You knew the following spells:

 Your Spells              Type           Power      Damage    Failure   Level
a - Foxfire               Conj/Fire      60%        2x1d7     4%          1

Your spell library contained the following spells:

 Spells                   Type           Power      Damage    Failure   Level
 Scorch                   Fire           36%        2d6       4%          2
 Freeze                   Ice            12%        1d3       14%         1
 Summon Small Mammal      Summ           12%        N/A       14%         1
 Inner Flame              Hex/Fire       10%        N/A       21%         3
 Volatile Blastmotes      Fire/Tloc      20%        2d11      21%         3
 Hailstorm                Conj/Ice       8%         3d4       26%         3
 Call Canine Familiar     Summ           3%         N/A       38%         3
 Frozen Ramparts          Ice            6%         1d1       38%         3
 Summon Guardian Golem    Hex/Summ       3%         N/A       38%         3
 Flame Wave               Conj/Fire      15%        2d7       38%         4


Dungeon Overview and Level Annotations

Branches:
Dungeon (4/15)
 Temple: D:4-7

Altars:
Ashenzari

Annotations:
D:4 Blork the orc


Innate Abilities, Weirdness & Mutations

You may rarely emit foul miasma when damaged in melee.
Your movements are slightly less encumbered by armour. (ER -2)
You have a tail ending in a sharp stinger.


Message History

You hit Blork the orc. You freeze Blork the orc. You tail-slap Blork the orc.
Blork the orc is moderately wounded.
Blork the orc barely misses you.
You closely miss Blork the orc. You tail-slap Blork the orc.
Blork the orc is heavily wounded.
Blork the orc misses you.
The teleport trap disappears.
The dart slug disappears!
You hit Blork the orc but do no damage.
Blork the orc is heavily wounded.
Blork the orc points at you and mumbles some strange words.
The magic dart hits you.
Blork the orc gestures at you while chanting.
The puff of frost hits you. You resist.
You closely miss Blork the orc.
Blork the orc is heavily wounded.
Blork the orc hits you with a +0 halberd.
You hit Blork the orc but do no damage.
Blork the orc is heavily wounded.
Blork the orc hits you with a +0 halberd!
* * * LOW HITPOINT WARNING * * *
You emit a cloud of foul miasma!
You feel better.
Blork the orc is engulfed in dark miasma.
Blork the orc is poisoned.
Blork the orc mumbles some strange words.
Blork the orc seems to speed up.
You barely miss Blork the orc.
Blork the orc is heavily wounded.
Blork the orc is engulfed in dark miasma.
Blork the orc looks even sicker.
Blork the orc screams, "I don't like you!"
Blork the orc gestures at you while chanting.
The puff of flame hits you!
* * * LOW HITPOINT WARNING * * *
Blork the orc is engulfed in dark miasma.
Blork the orc looks even sicker.
Blork the orc closely misses you.
Blork the orc is engulfed in dark miasma.
Blork the orc looks as sick as possible!
Blork the orc hits you with a +0 halberd!
You die...

... #.......#.#
... #.......#.#
.... ..... #.#
....####.####.#
.............#
..#.........#
#.........#
#...##....#
#@..##....#
#o..#.....+
#...#.....#
#...#.....#
#...# ..# #...#
#####


You could see Blork the orc (fast, extremely poisoned).

Vanquished Creatures
  Natasha (thrice) (D:3)
  5 adders
  2 dart slugs (D:2)
  An orc (D:3)
  7 bats
  6 endoplasms
  2 giant cockroaches
  2 goblins
  5 hobgoblins
  2 jackals (D:1)
  2 kobolds
  2 quokkas (D:1)
  7 ball pythons
  3 frilled lizards
  8 rats
57 creatures vanquished.

Vanquished Creatures (collateral kills)
  A jackal (D:1)
  A frilled lizard (D:1)
2 creatures vanquished.

Vanquished Creatures (others)
  94 foxfires
94 creatures vanquished.

Grand Total: 153 creatures vanquished

Notes
Turn   | Place    | Note
-------+----------+-------------------------------------------
     0 | D:1      | Pimp the Demonspawn Fire Elementalist began the quest for
                  | the Orb.
     0 | D:1      | Reached XP level 1. HP: 13/13 MP: 3/3
   141 | D:1      | Gained mutation: You have a small tail. [demonic ancestry]
   141 | D:1      | Reached XP level 2. HP: 19/19 MP: 0/5
   909 | D:2      | Reached skill level 3 in Fire Magic
   909 | D:2      | Gained mutation: You have a tail ending in a sharp stinger.
                  | [demonic ancestry]
   909 | D:2      | Reached XP level 3. HP: 15/24 MP: 1/6
  1262 | D:2      | Identified the +8 mace of the Neverending Nights {freeze,
                  | rC+ Int+4 SInv Stlth+}
  1364 | D:2      | Gained mutation: You may rarely emit foul miasma when
                  | damaged in melee. [demonic ancestry]
  1364 | D:2      | Reached XP level 4. HP: 15/30 MP: 7/7
  1487 | D:2      | Found a faded altar of an unknown god.
  1821 | D:3      | Noticed Natasha
  1828 | D:3      | Killed Natasha
  1871 | D:3      | Noticed Natasha
  1880 | D:3      | Killed Natasha
  1881 | D:3      | Reached skill level 1 in Maces & Flails
  1883 | D:3      | Gained mutation: Your movements are slightly less
                  | encumbered by armour. (ER -2) [demonic ancestry]
  1883 | D:3      | Reached XP level 5. HP: 18/36 MP: 7/9
  2227 | D:3      | Noticed Natasha
  2233 | D:3      | Killed Natasha
  2234 | D:3      | Reached skill level 1 in Fighting
  2588 | D:4      | Found a broken altar of Ashenzari.
  2594 | D:4      | Noticed Blork the orc
  2609 | D:4      | Slain by Blork the orc

Illustrated notes

Levels and vault maps discovered:
D:1:      minmay_arrival_cross, layout_basic, minmay_octomino_j4
D:2:      layout_basic, hellmonk_ecumenical_altar_inner_sanctum
D:3:      layout_loops_ring, uniq_natasha
D:4:      layout_gridville, lemuel_tele_altar, kennysheep_little_box,
          uniq_blork_the_orc

Skill      XL: |  1  2  3  4  5 |
---------------+----------------+-----
Stealth        | 2 |  2.3
Dodging        | 2 |  2.5
Fire Magic     | 3 |  3.4
Conjurations   | 2 |  2.3
Maces & Flails | 1 |  1.3
Fighting       | 1 |  1.0
Spellcasting   | |  2.7

Action                     |  1- 3 |  4- 6 || total
---------------------------+-------+-------++-------
  Melee: Unarmed           |     8 |       ||     8
         Dagger            |    15 |       ||    15
         Tailslap          |     2 |     4 ||     6
         Mace              |     6 |    42 ||    48
   Cast: Foxfire           |    62 |       ||    62
    Use: Scroll            |     4 |     7 ||    11
         Potion            |       |     1 ||     1
   Stab: Sleeping          |     3 |     7 ||    10
 Armour: Robe              |     7 |     3 ||    10
  Dodge: Dodged            |    40 |    33 ||    73

Table legend: (Time is in decaauts)
 A = Elapsed time spent in this place.
 B = Non-inter-level travel time spent in this place.
 C = Inter-level travel time spent in this place.
 D = Time resting spent in this place.
 E = Time spent auto-exploring this place.
 F = Levels seen in this place.
 G = Mean time per level.
                   A        B        C        D        E       F      G
               +--------+--------+--------+--------+--------+-----+--------+
         Total |   2624 |   2525 |     99 |    338 |   1574 |   4 |  656.0 |
       Dungeon |   2624 |   2525 |     99 |    338 |   1574 |   4 |  656.0 |
               +--------+--------+--------+--------+--------+-----+--------+

Top non-repeatable levels by time:
     D:2: 982 daAuts
     D:1: 837 daAuts
     D:3: 737 daAuts
     D:4: 66 daAuts
